 Dungeon Crawl Stone Soup version 0.21-a0-582-g1b93aee (console) character file.

165 toffzen the Ducker (level 5, -2/45 HPs)
             Began as a Minotaur Necromancer on Dec 19, 2017.
             Slain by Natasha (8 damage)
             ... on level 2 of the Dungeon.
             The game lasted 00:15:02 (3088 turns).

toffzen the Ducker (Minotaur Necromancer)           Turns: 3088, Time: 00:15:03

Health: -2/45      AC:  6    Str: 13    XL:     5   Next: 22%
Magic:  6/6        EV: 12    Int: 12    God:
Gold:   89         SH:  0    Dex: 11    Spells: 5/6 levels left

rFire    + . .     SeeInvis .   m - +0 hand axe
rCold    + . .     Gourm    .   (no shield)
rNeg     . . .     Faith    .   d - +0 ring mail
rPois    +         Spirit   .   (helmet restricted)
rElec    +         Reflect  .   (no cloak)
rCorr    +         Harm     .   q - +0 pair of gloves
MR       .....                  (no boots)
Stlth    ++........             (no amulet)
HPRegen  0.15/turn              D - ring of stealth
MPRegen  0.10/turn              (no ring)

@: resistant
A: retaliatory headbutt, horns 2
a: no special abilities


You were on level 2 of the Dungeon.
You were not hungry.

You visited 1 branch of the dungeon, and saw 3 of its levels.

You collected 89 gold pieces.

Inventory:

Hand Weapons
 j - a +0 club
 k - a +0 hunting sling
 m - a +0 hand axe (weapon)
Missiles
 e - 41 arrows
 w - 16 stones (quivered)
Armour
 a - a +0 robe
 d - a +0 ring mail (worn)
 l - a +0 chain mail
 q - a +0 pair of gloves (worn)
Jewellery
 D - a ring of stealth (left hand)
Scrolls
 g - a scroll of magic mapping {unknown}
 h - a scroll of enchant armour {unknown}
 n - a scroll of enchant weapon {unknown}
 o - a scroll of remove curse {unknown}
 p - 2 scrolls of fear
 u - 2 scrolls of identify
 x - a scroll of noise {unknown}
 A - a scroll of blinking {unknown}
 B - a scroll of teleportation {unknown}
Potions
 f - 2 potions of resistance
 r - a potion of might {unknown}
 s - a potion of lignification {unknown}
 t - a potion of haste {unknown}
 v - a potion of flight {unknown}
 z - a potion of curing {unknown}
Books
 b - a book of Necromancy

   Spells                             Type                      Level
   a - Pain                           Necromancy                   1
   b - Animate Skeleton               Necromancy                   1
   c - Vampiric Draining              Necromancy                   3
   d - Regeneration                   Charms/Necromancy            3
   e - Animate Dead                   Necromancy                   4
   f - Control Undead                 Necromancy                   4
 y - a book of Misfortune

   Spells                             Type                      Level
   a - Confusing Touch                Hexes                        1
   b - Confuse                        Hexes                        3
   c - Gell's Gravitas                Translocation                3
   d - Petrify                        Transmutation/Earth          4
   e - Metabolic Englaciation         Hexes/Ice                    5
   f - Yara's Violent Unravelling     Hexes/Transmutation          5
Comestibles
 c - a ration


   Skills:
 + Level 3.0 Fighting
 + Level 2.4 Axes
 + Level 2.5 Armour
 + Level 3.7 Dodging
 - Level 1.5 Stealth
 - Level 1.3 Spellcasting
 - Level 2.9 Necromancy


You had 5 spell levels left.
You knew the following spells:

 Your Spells              Type           Power        Failure   Level  Hunger
a - Pain                  Necr           #...         17%         1    ##.....


Dungeon Overview and Level Annotations

Branches:
Dungeon (3/15)

Altars:
Yredelemnul

Annotations:
D:2 1 runed door, Natasha


Innate Abilities, Weirdness & Mutations

You reflexively headbutt those who attack you in melee.
You have a pair of horns on your head.


Message History

You feel much better.
The crimson imp disappears in a puff of smoke!
The white imp gestures at you. The puff of frost hits you!
The white imp barely misses you. The white imp hits you.
The white imp freezes you. You resist. Natasha closely misses you.
The white imp gestures at you. The puff of frost hits you! You resist.
* * * LOW HITPOINT WARNING * * *
Natasha claws you.
* * * LOW HITPOINT WARNING * * *
There is an open door here.
You barely miss Natasha.
Your attack snaps Natasha out of her fear.
Natasha is moderately wounded.
You feel yourself speed up. Natasha closely misses you.
The white imp closely misses you. Natasha claws you!
You die...

##.## ...#
.... ... #
#..
#.##.###.#
#..h(....#
##@## ##.5.##
##.....##
##.......##
.##.........#
..'.........+
.##.........#
..
##.......##
.. ##.....##


You could see Natasha and a white imp.

Vanquished Creatures
  Natasha (twice) (D:2)
  5 adders
  2 oozes
  A worm (D:3)
  3 dart slugs
  A leopard gecko (D:1)
  5 goblins
  7 hobgoblins
  6 jackals (D:1)
  A quokka (D:2)
  8 bats
  3 frilled lizards
  6 kobolds
  5 rats
55 creatures vanquished.

Notes
Turn   | Place    | Note
-------+----------+-------------------------------------------
     0 | D:1      | toffzen the Minotaur Necromancer began the quest for the Orb.
     0 | D:1      | Reached XP level 1. HP: 14/14 MP: 1/1
   146 | D:1      | Reached skill level 1 in Fighting
   423 | D:1      | Reached XP level 2. HP: 21/23 MP: 0/3
   703 | D:1      | Reached XP level 3. HP: 20/29 MP: 4/4
   862 | D:1      | Reached skill level 1 in Axes
   862 | D:1      | Reached skill level 1 in Armour
  1370 | D:2      | Noticed Natasha
  1387 | D:2      | Killed Natasha
  1387 | D:2      | Reached XP level 4. HP: 12/37 MP: 5/5
  1520 | D:2      | Noticed Natasha
  2208 | D:3      | Found a basalt altar of Yredelemnul.
  2652 | D:2      | Killed Natasha
  2652 | D:2      | Reached XP level 5. HP: 44/45 MP: 6/6
  2809 | D:2      | Found a runed door.
  2870 | D:2      | Noticed Natasha
  3084 | D:2      | HP: 2/45 [white imp/puff of frost[Natasha] (2)]
  3088 | D:2      | Slain by Natasha

Vault maps used:
D:1:      kennysheep_arrival_seaside
D:2:      uniq_crazy_yiuf_cottage, uniq_terence, uniq_natasha
D:3:      lemuel_doored_altar

Skill      XL: |  1  2  3  4 |
---------------+-------------+-----
Fighting       | 1 2 3 |  3.0
Dodging        | 3 |  3.7
Axes           | 1 2 |  2.4
Armour         | 1 2 |  2.5
Stealth        | |  1.5
Spellcasting   | |  1.3
Necromancy     | |  2.9

Action                   |  1- 3 |  4- 6 || total
-------------------------+-------+-------++-------
Melee: Unarmed           |    15 |    24 ||    39
       Headbutt          |    10 |     5 ||    15
       Club              |     4 |       ||     4
       Hand axe          |    89 |    63 ||   152
Throw: Stone             |       |    11 ||    11
 Cast: Pain              |     3 |       ||     3
  Use: Scroll            |       |     3 ||     3
       Potion            |       |     2 ||     2
  Eat: Chunk             |     2 |     3 ||     5
       Ration            |       |     1 ||     1
Armor: Robe              |    13 |       ||    13
       Ring mail         |    39 |    18 ||    57
       Skin              |    13 |     1 ||    14
Dodge: Dodged            |    77 |    66 ||   143

Table legend:
 A = Spawn XP
 B = Non-spawn XP
 C = Spawn XP percentage of total XP
 D = Spawn monster count
 E = Non-spawn monster count
 F = Spawn count percentage of total count
 G = Total turns spent on level
                    A         B        C        D         E        F      G
               +---------+---------+-------+---------+---------+-------+---------
         Total |       0 |     237 |   0.0 |       0 |      55 |   0.0 |  3088
               +---------+---------+-------+---------+---------+-------+---------
           D:1 |       0 |      62 |   0.0 |       0 |      32 |   0.0 |  1282
           D:2 |       0 |     104 |   0.0 |       0 |       9 |   0.0 |   738
           D:3 |       0 |      71 |   0.0 |       0 |      14 |   0.0 |  1068
               +---------+---------+-------+---------+---------+-------+---------
